 Dungeon Crawl Stone Soup version 0.18.1-50-g88ac8fd (webtiles) character file.

206 Nordron the Magician (level 5, -5/28 HPs)
             Began as a Gargoyle Fire Elementalist on Sept 27, 2016.
             Shot with an arrow by a centaur (14 damage)
             ... on level 3 of the Dungeon.
             The game lasted 00:08:09 (2193 turns).

Nordron the Magician (Gargoyle Fire Elementalist)   Turns: 2193, Time: 00:08:10

Health: -5/28      AC:  6    Str: 12    XL:     5   Next: 84%
Magic:  11/11      EV: 12    Int: 16    God:
Gold:   167        SH:  0    Dex: 10    Spells: 3 memorised, 4 levels left

rFire  . . .     SeeInvis .     d - +0 whip
rCold  . . .     Gourm    .     a - +0 robe
rNeg   + . .     Faith    .     (no shield)
rPois  ∞         Spirit   .     (no helmet)
rElec  +         Dismiss  .     (no cloak)
rCorr  .         Reflect  .     (no gloves)
SustAt .         Harm     .     (no boots)
MR     .....                    (no amulet)
Stlth  ++........               (no ring)
                                (no ring)

@: not resistant to hostile enchantments, unstealthy
A: negative energy resistance 1, electricity resistance, unbreathing,
petrification resistance, rot immunity, AC +4
a: no special abilities


You were on level 3 of the Dungeon.
You were not hungry.

You visited 1 branch of the dungeon, and saw 3 of its levels.

You collected 167 gold pieces.

Inventory:

Hand Weapons
 d - a +0 whip (weapon)
Armour
 a - a +0 robe (worn)
Scrolls
 g - 5 scrolls of identify {unknown}
 h - a scroll of random uselessness {unknown}
 k - 2 scrolls of remove curse {unknown}
 l - a scroll of immolation {unknown}
 o - a scroll of teleportation {unknown}
 r - a scroll of magic mapping {unknown}
Potions
 e - a potion of brilliance {unknown}
 j - 2 potions of curing {unknown}
 m - a potion of heal wounds {unknown}
 n - a potion of mutation {unknown}
Books
 b - a book of Flames

   Spells                             Type                      Level
   a - Flame Tongue                   Conjuration/Fire             1
   b - Throw Flame                    Conjuration/Fire             2
   c - Conjure Flame                  Conjuration/Fire             3
   d - Inner Flame                    Hexes/Fire                   3
   e - Sticky Flame                   Conjuration/Fire             4
   f - Fireball                       Conjuration/Fire             5
 q - a book of Beasts

   Spells                             Type                      Level
   a - Summon Butterflies             Summoning                    1
   b - Call Canine Familiar           Summoning                    3
   c - Summon Ice Beast               Ice/Summoning                4
   d - Summon Mana Viper              Hexes/Summoning              5
   e - Summon Hydra                   Summoning                    7
Comestibles
 c - 4 bread rations
 f - 3 chunks of flesh
 i - a meat ration
 p - a slice of pizza


   Skills:
 - Level 1.5 Dodging
 - Level 2.1 Stealth
 * Level 4.0 Spellcasting
 + Level 3.2 Conjurations
 + Level 4.0 Fire Magic


You had 4 spell levels left.
You knew the following spells:

 Your Spells              Type           Power        Failure   Level  Hunger
a - Flame Tongue          Conj/Fire      ##...        4%          1    None
b - Conjure Flame         Conj/Fire      ##......     12%         3    ###....
c - Sticky Flame          Conj/Fire      ##......     38%         4    ####...


Dungeon Overview and Level Annotations

Branches:
Dungeon (3/15)

Altars:
Dithmenos


Innate Abilities, Weirdness & Mutations

You are resistant to torment.
Your stone body is resilient (AC +4).
You are immune to poison.
You resist negative energy.
You are resistant to electric shocks.
You can survive without breathing.
You are immune to petrification.
You are immune to rotting.


Message History

f - 4 chunks of flesh (gained 1)
Casting: Flame Tongue
Confirm with . or Enter, or press ? or * to list all spells.
Aiming: Flame Tongue
Press: ? - help, Shift-Dir - straight line, f - hobgoblin
Aim: a hobgoblin The flame tongue hits the hobgoblin.
You kill the hobgoblin!
Things that are here:
a whip; a leather armour
r - a scroll labeled REOTEM BOPP Eating one of 4 chunks of flesh.
This raw flesh tastes terrible.
You continue eating. x2
A centaur comes into view.
The centaur wields a shortbow.
The centaur shoots an arrow.
The arrow hits you!
You see here an arrow.
The centaur shoots an arrow.
The arrow hits you!
The centaur shoots an arrow.
The arrow hits you!
Ouch! That really hurt!
You die...

########
.......#######
(...)........#####
#.####.#.........#
#.# #.#####.###@#
#.# #.# #.# #.#
#.# #.# #.# #.#
#.# #.. #.# #.#
#†# ##. #.# #.#
#.# .# #.#
#c########## #.#
.# #.#
#...(...c... ...
.. #.#
###########. ...


You could see a centaur.

Vanquished Creatures
  A sky beast (D:3)
  A giant frog skeleton (D:3)
  2 adders
  An ooze (D:2)
  A dart slug (D:2)
  2 giant geckos
  2 orcs (D:3)
  3 bats
  7 giant cockroaches
  9 goblins
  5 hobgoblins
  7 kobolds
  2 giant newts
  16 rats
59 creatures vanquished.

Notes
Turn   | Place    | Note
--------------------------------------------------------------
     0 | D:1      | Nordron the Gargoyle Fire Elementalist began the quest for the Orb.
     0 | D:1      | Reached XP level 1. HP: 10/10 MP: 3/3
   112 | D:1      | Reached XP level 2. HP: 14/15 MP: 0/5
   475 | D:1      | Reached XP level 3. HP: 19/19 MP: 4/7
   481 | D:1      | Learned a level 3 spell: Conjure Flame
   713 | D:2      | Found a shadowy altar of Dithmenos.
  1075 | D:2      | Reached XP level 4. HP: 23/24 MP: 4/8
  1698 | D:3      | Noticed a sky beast
  1730 | D:3      | Killed a sky beast
  1730 | D:3      | Reached XP level 5. HP: 9/28 MP: 0/10
  1956 | D:3      | Learned a level 4 spell: Sticky Flame
  2185 | D:3      | Noticed a centaur
  2193 | D:3      | Shot with an arrow by a centaur

Skill      XL: |  1  2  3  4  5 |
---------------+----------------+-----
Spellcasting   | 3 4 |  4.0
Conjurations   | 2 3 |  3.2
Fire Magic     | 4 |  4.0
Dodging        | |  1.5
Stealth        | |  2.1

Action                   |  1- 3 |  4- 6 || total
-------------------------+-------+-------++-------
Melee: Whip              |    39 |    14 ||    53
 Cast: Flame Tongue      |    55 |    35 ||    90
       Conjure Flame     |       |     1 ||     1
 Stab: Sleeping          |     1 |     1 ||     2
  Eat: Chunk             |     1 |     4 ||     5
Armor: Robe              |    20 |     7 ||    27
Dodge: Dodged            |    42 |    18 ||    60
